 Dungeon Crawl Stone Soup version 0.28.0-49-g6dfe1f597d (webtiles) character file.

Game seed: 11910918005390668110

39 greasedhog the Shield-Bearer (level 3, 0/29 HPs)
             Began as a Formicid Fighter on May 15, 2022.
             Succumbed to an orc's poison
             ... on level 2 of the Dungeon.
             The game lasted 00:01:34 (1195 turns).

greasedhog the Shield-Bearer (Formicid Fighter)     Turns: 1195, Time: 00:01:34

Health: 0/29       AC:  6    Str: 22    XL:     3   Next: 70%
Magic:  3/3        EV:  9    Int:  7    God:
Gold:   15         SH:  4    Dex: 10    Spells: 2/2 levels left

rFire   . . .      SeeInvis +   a - +0 war axe
rCold   . . .      Faith    .   c - +0 buckler
rNeg    . . .      Spirit   .   b - +0 scale mail
rPois   .          Reflect  .   (helmet unavailable)
rElec   .          Harm     .   (no cloak)
rCorr   .          Rampage  .   (no gloves)
Will    .....                   (no boots)
Stlth   ..........              (no amulet)
HPRegen 0.09/turn               (no ring)
MPRegen 0.08/turn               (no ring)

@: lethally poisoned (0 -> -2)
A: permanent stasis, dig shafts and tunnels, antennae 3, four strong arms
a: Dig, Shaft Self


You were on level 2 of the Dungeon.
You visited 1 branch of the dungeon, and saw 2 of its levels.

You collected 15 gold pieces.

Inventory:

Hand Weapons
 a - a +0 war axe (weapon)
Armour
 b - a +0 scale mail (worn)
 c - a +0 buckler (worn)
 e - a +1 leather armour of poison resistance
Scrolls
 f - a scroll of amnesia {unknown}
 h - 2 scrolls of fog
 i - a scroll of acquirement {unknown}
Potions
 d - a potion of might
 g - a potion of heal wounds


   Skills:
 - Level 3.2 Fighting
 * Level 3.0 Axes
 - Level 3.2 Armour
 * Level 4.5 Shields


You had 2 spell levels left.
You didn't know any spells.
Your spell library was empty.

Dungeon Overview and Level Annotations

Branches:
Dungeon (2/15)

Altars:


Innate Abilities, Weirdness & Mutations

You cannot be hasted, slowed, berserked, paralysed or teleported.
You can dig through walls and to a lower floor.
You have a pair of large antennae on your head. (SInv)
Your four strong arms can wield two-handed weapons with a shield.


Message History

You hit the goblin.
You kill the goblin!
You slash the hobgoblin!
You kill the hobgoblin!
You feel sick.
A worm comes into view.
You completely miss the orc. You closely miss the orc.
You feel sick. The orc barely misses you. The orc closely misses you.
The orc hits you with a +1 short sword of venom.
You hit the orc.
The orc is moderately wounded.
You hit the orc but do no damage.
You feel sick.
You are no longer poisoned.
The orc hits you but does no damage. The orc barely misses you. x2
The orc barely misses you.
A goblin comes into view. It is wielding a +0 club.
You see here a +0 rapier.
The goblin closely misses you.
You barely miss the goblin. You closely miss the orc.
The goblin closely misses you.
The orc hits you with a +1 short sword of venom.
* * * LOW HITPOINT WARNING * * *
You are lethally poisoned!
The goblin hits you with a +0 club.
* * * LOW HITPOINT WARNING * * *
You slash the goblin!
You kill the goblin!
You hit the orc.
* * * LOW HITPOINT WARNING * * *
You feel very sick. The orc hits you but does no damage.
The orc closely misses you.
Your Axes skill increases to level 3!
* * * LOW HITPOINT WARNING * * *
You feel sick.
Things that are here:
a +0 club; a scroll of identify; 9 gold pieces
* * * LOW HITPOINT WARNING * * *
You feel sick.
Found a stone staircase leading up.
You die...

#....w# ...$( ##.....# #.#8.#
....... ....##.# .$ ... .......
######{# ##. .# ..........# #.#.
(# # ..........# ##o#.# .
........... #..##.## ...........
##..###8######..........#
##.......)o.o.@..........#
###..######.##.##........>.#
....## #.##.# ........†)##
.###### #.##.# <........<.##
......#####.##.# #....<...#..####
#####.......##.####......###....#
######........#############..
##..#.##................
##....#################


You could see 2 orcs.

Vanquished Creatures
  An adder (D:2)
  An orc (D:2)
  4 ball pythons
  An endoplasm (D:1)
  4 hobgoblins
  A quokka (D:1)
  3 bats
  2 frilled lizards (D:1)
  6 goblins
  4 kobolds (D:1)
  A rat (D:1)
28 creatures vanquished.

Notes
Turn   | Place    | Note
-------+----------+-------------------------------------------
     0 | D:1      | greasedhog the Formicid Fighter began the quest for the
                  | Orb.
     0 | D:1      | Reached XP level 1. HP: 18/18 MP: 1/1
   117 | D:1      | Reached skill level 4 in Shields
   140 | D:1      | Reached XP level 2. HP: 19/24 MP: 2/2
  1036 | D:2      | Reached XP level 3. HP: 26/29 MP: 3/3
  1194 | D:2      | HP: 1/29 [poisoned by an orc]
  1195 | D:2      | Succumbed to an orc's poison

Illustrated notes

Levels and vault maps discovered:
D:1:      shiori_arrival_maze, layout_basic, hangedman_feature_mirror
D:2:      layout_rooms, minmay_statues_item, st_stairs_2,
          guppyfry_early_orc_mine

Skill      XL: |  1  2  3 |
---------------+----------+-----
Shields        | 4 |  4.5
Axes           | 3 |  3.0
Fighting       | |  3.2
Armour         | |  3.2

Action                   || total
-------------------------++-------
Melee: War axe           ||    58
  Use: Scroll            ||     3
Armor: Scale mail        ||    29
Dodge: Dodged            ||    50
Block: Buckler           ||    19
